AoeStats
← Clueless Clown

Arabia

508314898Analyzed
2v2 RM · 10d ago on Sep 21, 2026· 35m 35s· 4 players
Game mode
Random Map
Map size
Medium (4 player)
Population
200
Speed
Normal
Resources
Standard
Victory
Conquest
Starting age
Dark Age
Ending age
Imperial Age
RankedLock teamsTeams togetherTeam positionsShared explorationLock speedFull tech treeHidden civsTurbo modeCheats
Victory
Defeat
🇮🇳 Franks · India
1111
+17
🇺🇸 Jurchens · United States
1086
+18
🇪🇸 Franks · Spain
1179
-20
🇦🇷 Khmer · Argentina
1065
-15
WhiskeyTangoFoxtrot
7:05 Loom
9:15 Feudal Age
9:44 Double-Bit Axe
20:06 Castle Age
20:51 Scale Barding Armor
20:57 Forging
21:33 Pikeman
23:04 Gold Mining
23:37 Bow Saw
24:37 Wheelbarrow
23:48 Town Watch
26:15 Gold Shaft Mining
28:05 Chain Barding Armor
31:04 Town Patrol
31:33 Hand Cart
32:45 Iron Casting
Clueless Clown
7:15 Loom
7:36 Loom
10:40 Feudal Age
14:29 Castle Age
13:16 Scale Mail Armor
17:14 Squires
22:09 Arson
26:22 Gambesons
29:51 Chain Mail Armor
32:12 Double-Bit Axe
32:10 Horse Collar
35:19 Forging
xpellicer1992
9:51 Feudal Age
8:26 Loom
19:49 Castle Age
18:38 Double-Bit Axe
18:47 Gold Mining
20:08 Forging
19:58 Scale Mail Armor
20:04 Scale Barding Armor
21:27 Man-at-Arms
22:09 Gambesons
27:04 Long Swordsman
27:38 Town Watch
CuerVoArG!!!
1:52 Loom
9:22 Feudal Age
13:00 Forging
12:48 Horse Collar
19:43 Castle Age
18:13 Double-Bit Axe
21:24 Iron Casting
21:51 Heavy Plow
25:44 Bow Saw
29:43 Scale Mail Armor
29:07 Pikeman
34:06 Chain Mail Armor
Connection lost

Rejoining the realm…

Still unreachable

The connection could not be restored.

Session expired

The server has moved on; the page needs a fresh start.